Map: Habitation Station LE (Void)

Players

Cham

  • Race: Zerg Zerg
  • Spawn Location: 1:00

Kelazhur - Winner!

  • Race: Terran Terran
  • League: Diamond
  • Spawn Location: 11:00

Event: WESG 2016 Finals

VOD

Have the link to the VOD?

Description

Time

  • Played on: Jan. 13, 2017, 1:28 p.m.
  • Length: 10:40

All games in this series

Show
View Real Time Build Order
Export as new Build Order

Cham Zerg 

Build Orders: Hatch First 

Get SALT Encoding   

  12  0:00  Drone  
  13  0:08  Drone  
  14  0:16  Overlord  
  14  0:35  Drone  
  14  0:36  Drone x2  
  17  0:53  Hatchery  
  17  0:56  Drone  
  17  0:58  Drone  
  18  1:05  Extractor  
  17  1:12  Spawning Pool  
  17  1:15  Drone  
  17  1:19  Drone  
  18  1:30  Drone  
  19  1:42  Overlord  
  19  1:59  Queen  
  19  2:00  Zergling x2  
  22  2:01  Zergling x2  
  22  2:04  Queen  
  22  2:05  Zergling x2  
  22  2:06  Metabolic Boost  
  26  2:14  Drone  
  27  2:18  Drone  
  28  2:26  Extractor  
  28  2:27  Overlord  
  28  2:28  Drone  
  29  2:36  Drone  
  30  2:44  Queen  
  30  2:45  Drone x2  
  30  2:50  Overlord  
  34  2:57  Drone  
  35  2:59  Queen  
  35  3:01  Drone  
  38  3:08  Drone  
  38  3:10  Drone  
  40  3:13  Drone x2  
  40  3:14  Drone  
  40  3:17  Drone x2  
  40  3:18  Drone  
  46  3:28  Hatchery  
  45  3:35  Drone x3  
  45  3:39  Overlord  
  47  3:49  Evolution Chamber x2  
  47  3:51  Drone  
  47  3:52  Drone x2  
  48  3:56  Zergling x2  
  48  3:57  Zergling x4  
  51  4:03  Zergling x4  
  51  4:06  Roach Warren  
  53  4:18  Zerg Ground Armor Level 1  
  53  4:19  Drone, Extractor  
  53  4:20  Overlord  
  53  4:23  Drone  
  54  4:26  Overlord  
  54  4:30  Overlord x2  
  54  4:36  Overlord  
  56  4:45  Roach  
  56  4:46  Roach x3  
  56  4:48  Roach  
  56  4:51  Overlord  
  64  4:53  Drone  
  64  4:57  Roach x2  
  64  4:58  Drone x2  
  71  5:02  Drone x2  
  71  5:05  Overlord  
  73  5:07  Roach  
  73  5:09  Drone  
  76  5:15  Drone x4  
  76  5:16  Drone  
  81  5:22  Lair  
  81  5:23  Drone x2  
  81  5:27  Overlord  
  81  5:28  Drone x4  
  87  5:35  Overlord  
  87  5:36  Drone  
  87  5:38  Drone  
  89  5:44  Overlord  
  89  5:45  Extractor  
  89  5:47  Drone x3, Extractor  
  89  5:49  Spore Crawler  
  89  5:50  Drone  
  89  5:51  Spore Crawler  
  89  5:52  Extractor x2  
  89  5:53  Spore Crawler  
  83  6:00  Ravager x3  
  84  6:08  Ravager  
  85  6:17  Drone  
  85  6:18  Drone x5  
  85  6:19  Drone  
  85  6:23  Overlord  
  85  6:24  Drone x4  
  85  6:25  Drone  
  92  6:26  Drone x3  
  92  6:27  Overlord  
  92  6:31  Overlord  
  93  6:32  Drone  
  93  6:33  Drone x2  
  93  6:37  Drone  
  96  6:40  Drone  
  96  6:41  Infestation Pit  
  96  6:52  Overlord  
  94  6:56  Roach x2  
  94  6:57  Roach x3  
  94  7:00  Overlord  
  105  7:01  Drone  
  105  7:02  Overlord  
  105  7:03  Roach x3  
  105  7:04  Drone  
  105  7:06  Drone  
  112  7:14  Overlord  
  112  7:17  Overlord  
  112  7:20  Roach x3  
  118  7:25  Drone  
  118  7:26  Drone x2  
  118  7:27  Roach x2  
  118  7:29  Ravager x2  
  126  7:30  Ravager  
  126  7:31  Overlord  
  126  7:36  Roach x2  
  130  7:46  Hive  
  128  7:52  Drone x2  
  128  7:53  Roach  
  128  7:56  Roach x2  
  136  7:59  Roach x3  
  136  8:05  Drone x2  
  144  8:07  Overlord  
  144  8:13  Evolution Chamber  
  144  8:14  Drone x2  
  144  8:15  Drone  
  144  8:19  Zerg Ground Armor Level 2  
  146  8:35  Roach x2, Overlord  
  146  8:40  Roach  
  152  8:43  Roach x2  
  155  8:51  Roach x3  
  161  8:59  Overlord x2  
  161  9:01  Roach x2, Hatchery  
  164  9:07  Ultralisk Cavern  
  157  9:10  Ravager  
  157  9:11  Ravager  
  157  9:12  Overlord  
  157  9:14  Ravager x2  
  157  9:15  Zergling x2  
  162  9:19  Zergling x10  
  162  9:23  Zergling x6  
  168  9:28  Drone x3  
  169  9:34  Zergling x2  
  163  9:42  Ravager x2  
  163  9:45  Drone x3  
  161  9:53  Drone x2  
  161  9:55  Zergling x2  
  164  10:06  Drone x2  
  178  10:09  Drone  
  178  10:10  Drone x3  
  178  10:11  Drone  
  183  10:18  Overlord  
Show
View Real Time Build Order
Export as new Build Order

Kelazhur Terran - Winner!

Build Orders: Reaper Expand, MMM Bio 

Get SALT Encoding   

  12  0:00  SCV  
  13  0:12  SCV  
  14  0:17  Supply Depot  
  14  0:25  SCV  
  15  0:38  SCV  
  15  0:39  Barracks  
  16  0:43  Refinery  
  16  0:50  SCV  
  17  1:02  SCV  
  18  1:14  SCV  
  19  1:26  Orbital Command, Reaper  
  20  1:39  Command Center  
  20  1:48  Refinery  
  20  1:52  SCV  
  21  1:59  Barracks Reactor  
  21  2:02  Supply Depot  
  21  2:04  SCV  
  22  2:16  Factory, SCV  
  23  2:28  SCV  
  24  2:36  Marine x2  
  26  2:40  SCV  
  27  2:51  Orbital Command  
  27  2:52  SCV  
  27  2:53  Bunker  
  30  3:02  Starport  
  30  3:05  SCV  
  29  3:07  Hellion x2  
  33  3:17  SCV x2  
  33  3:18  Barracks Tech Lab  
  35  3:28  Hellion x2  
  35  3:31  SCV x2  
  41  3:38  Fusion Core  
  41  3:43  Supply Depot  
  41  3:44  SCV x2  
  43  3:48  Viking  
  45  3:56  SCV  
  46  4:05  Hellion x2, SCV  
  46  4:09  Supply Depot  
  51  4:11  SCV, Supply Depot  
  51  4:13  Liberator  
  52  4:27  Advanced Ballistics  
  52  4:28  SCV  
  56  4:33  SCV  
  56  4:35  Hellion  
  56  4:36  Hellion  
  61  4:40  SCV  
  62  4:45  SCV  
  62  4:50  Armory  
  62  4:52  SCV  
  64  4:58  SCV, Command Center  
  64  4:59  Liberator  
  69  5:04  SCV  
  70  5:13  Barracks Tech Lab  
  70  5:15  SCV  
  70  5:19  Refinery x2  
  70  5:20  Supply Depot  
  70  5:21  Supply Depot  
  70  5:25  Barracks  
  70  5:26  Factory Reactor  
  70  5:29  Barracks  
  70  5:35  Stimpack  
  70  5:40  Engineering Bay  
  70  5:41  Marine, Engineering Bay  
  70  5:42  SCV x2  
  73  5:54  SCV x2  
  75  6:02  Barracks  
  78  6:06  SCV x2  
  78  6:09  Liberator, Terran Infantry Armor Level 1, Terran Infantry Weapons Level 1  
  80  6:12  Orbital Command  
  78  6:18  SCV  
  78  6:21  SCV  
  78  6:25  Starport Reactor  
  76  6:26  Marine x2  
  76  6:27  Marine x2  
  76  6:28  Siege Tank  
  76  6:30  SCV  
  87  6:34  Marine  
  87  6:35  SCV  
  89  6:42  SCV  
  89  6:44  Barracks  
  90  6:47  Marine x2  
  90  6:48  Marine x2  
  90  6:50  Armory  
  90  6:52  SCV  
  90  6:53  Marauder, Supply Depot  
  97  6:59  Barracks Reactor  
  97  7:00  SCV  
  98  7:02  Siege Tank  
  101  7:09  Starport Reactor  
  101  7:14  Marine x2  
  101  7:15  Marine x2, Marauder, SCV  
  107  7:20  SCV  
  107  7:21  SCV  
  108  7:26  Supply Depot  
  108  7:27  Supply Depot  
  108  7:32  Barracks Reactor, Marine  
  108  7:36  Combat Shields  
  109  7:41  Terran Vehicle Weapons Level 1  
  109  7:42  Supply Depot  
  109  7:43  Liberator  
  109  7:44  Refinery, Supply Depot  
  109  7:45  Refinery  
  109  7:46  Liberator  
  109  7:47  Marine x2, SCV x3, Siege Tank  
  109  7:48  Marine, Marauder  
  120  7:53  Marine x2  
  119  7:59  SCV x2  
  119  8:03  Marine  
  128  8:07  SCV, Supply Depot x2  
  128  8:08  Marine  
  128  8:10  Marauder  
  128  8:11  SCV  
  133  8:13  Terran Infantry Weapons Level 2  
  133  8:14  Marine x6  
  133  8:19  SCV x2  
  141  8:21  Barracks x3  
  141  8:28  Marine x2  
  141  8:31  Marine  
  141  8:32  Marine, Siege Tank  
  148  8:39  Marine x5  
  153  8:42  Supply Depot  
  153  8:44  Medivac  
  153  8:46  Medivac  
  157  8:58  Concussive Shells  
  157  9:02  Supply Depot  
  157  9:04  Marine x6, Marauder  
  165  9:15  Barracks Tech Lab x2  
  165  9:18  Supply Depot  
  165  9:23  Marine, Medivac x2, Siege Tank  
  173  9:29  Command Center  
  173  9:34  Marine, Marauder  
  173  9:39  Marine x7  
  173  9:42  Marine  
  181  9:53  Marine  
  181  9:54  Marauder  
  181  9:58  Supply Depot  
  180  10:00  Marauder  
  180  10:04  Marine, Starport  
  181  10:09  Barracks Tech Lab  
  181  10:15  Supply Depot  
  181  10:19  Marine x4  
Tags
 
Add a new tag
Caveats
  • Supply blocks, unpowered buildings, or Contaminate may cause inaccurate times.
  • Supply counts are checked every 10 seconds.